 Dungeon Crawl Stone Soup version 0.29.1-1-gd02db6906a (webtiles) character file.

Game seed: 13090593131853549370

266284 groovy9 the Warrior (level 20, -3/160 HPs)
             Began as a Djinni Conjurer on Sept 27, 2022.
             Was the Champion of Makhleb.
             Killed by an exploding ball lightning (28 damage)
             ... on level 1 of the Vaults.
             The game lasted 03:03:39 (31641 turns).

groovy9 the Warrior (Djinni Conjurer)              Turns: 31641, Time: 03:03:40

Health: -3/160     AC: 16    Str:  3    XL:     20   Next: 93%
Gold:   2953       EV: 13    Int: 29    God:    Makhleb [******] SH: 11 Dex: 12

rFire   + . .      SeeInvis .   p - staff of conjuration
rCold   + . .      Faith    .   z - +0 kite shield {reflect}
rNeg    + . .      Spirit   .   E - +3 leather armour {rC+}
rPois   ∞          Reflect  +   N - +1 helmet
rElec   .          Harm     .   Y - +2 cloak {rCorr}
rCorr   +          Rampage  .   P - +2 pair of gloves {Stlth+}
Will    +++++                   (boots unavailable)
Stlth   +++++.....              w - amulet of regeneration
HPRegen 1.16/turn               t - ring "Omafefoe" {Ice Will+++ Str-3 Int+2 Dex-2}
MPRegen 0.00/turn               l - ring of positive energy

@: flying, invisible
A: sickness immunity, fire resistance 2, cold vulnerability 1, float, innate
caster, HP casting, extra vitality 1
}: 2/15 runes: decaying, gossamer
a: Renounce Religion, Minor Destruction, Lesser Servant of Makhleb, Major
Destruction, Greater Servant of Makhleb


You were on level 1 of the Vaults.
You worshipped Makhleb.
Makhleb was exalted by your worship.
You visited 7 branches of the dungeon, and saw 32 of its levels.
You also visited: Bailey.

You collected 4853 gold pieces.
You spent 1900 gold pieces at shops.

Inventory:

Hand Weapons
 h - a +2 dagger
Missiles
 x - 5 throwing nets
 A - 5 curare-tipped darts
Armour
 z - a +0 kite shield of reflection (worn)
 E - a +3 leather armour of cold resistance (worn)
 N - a +1 helmet (worn)
 P - a +2 pair of gloves of stealth (worn)
 W - the +5 robe of Night {Dark Will+ SInv}
   (You bought it in a shop on level 2 of the Orcish Mines)

   It shrouds the wearer in darkness, reducing the range at which they can see
   and be seen by others.
   SInv:      It lets you see invisible.
   Will:      It increases your willpower.
 Y - a +2 cloak of preservation (worn)
Magical Staves
 p - a staff of conjuration (weapon)
Jewellery
 e - a ring of fire
 l - a ring of positive energy (right hand)
 t - the ring "Omafefoe" (left hand) {Ice Will+++ Str-3 Int+2 Dex-2}
   (You acquired it on level 6 of the Dungeon)

   [ring of ice]

   It enhances your ice magic.
   Str:       It affects your strength (-3).
   Int:       It affects your intelligence (+2).
   Dex:       It affects your dexterity (-2).
   rF:        It makes you vulnerable to fire.
   rC:        It protects you from cold.
   Will:      It greatly increases your willpower.
 w - an amulet of regeneration (around neck)
 I - an amulet of the acrobat
 R - an amulet of reflection
 V - a ring of wizardry
 X - a ring of resist corrosion
Wands
 d - a wand of iceblast (36)
 j - a wand of acid (33)
 o - a wand of flame (96)
 v - a wand of polymorph (32)
 F - a wand of mindburst (22)
 M - a wand of paralysis (18)
 T - a wand of digging (10)
Scrolls
 b - 4 scrolls of torment
 k - 4 scrolls of enchant weapon
 n - 6 scrolls of teleportation
 q - 7 scrolls of magic mapping
 y - 2 scrolls of fear
 D - 4 scrolls of vulnerability
 G - 4 scrolls of poison
 L - 5 scrolls of butterflies
 O - a scroll of immolation
 S - 3 scrolls of brand weapon
 U - 5 scrolls of blinking
Potions
 c - 17 potions of curing
 f - 8 potions of mutation
 g - a potion of berserk rage
 i - 9 potions of brilliance
 m - 8 potions of invisibility
 r - a potion of might
 s - 5 potions of lignification
 u - 7 potions of cancellation
 B - 7 potions of haste
 C - 2 potions of experience
 K - 6 potions of ambrosia
 Q - 2 potions of resistance
Miscellaneous
 H - a tin of tremorstones (2/2)
 J - a phantom mirror


   Skills:
 + Level 19.5 Fighting
 - Level 10.0 Armour
 - Level 10.0 Dodging
 - Level 10.0 Stealth
 - Level 10.0 Shields
 + Level 17.2 Spellcasting
 - Level 5.7 Evocations


You had 3 spell levels left.
You knew the following spells:

 Your Spells              Type           Power      Damage    Failure   Level
a - Magic Dart            Conj           100%       1d8       0%          1
b - Searing Ray           Conj           100%       2d8       0%          2
c - Dazzling Flash        Conj/Hex       100%       N/A       0%          3
d - Fulminant Prism       Conj/Hex       56%        3d25      1%          4
e - Iskenderun's Mystic   Conj/Tloc      100%       2d19      1%          4
f - Shock                 Conj/Air       100%       1d9       0%          1
g - Blink                 Tloc           100%       N/A       0%          2
h - Ensorcelled Hibernat  Hex/Ice        100%       N/A       0%          2
i - Summon Lightning Spi  Summ/Air       90%        N/A       1%          4
j - Ice Form              Ice/Tmut       100%       N/A       1%          4
k - Metabolic Englaciati  Hex/Ice        56%        N/A       1%          5
l - Simulacrum            Ice/Necr       56%        N/A       1%          6
m - Starburst             Conj/Fire      56%        6d15      1%          6
n - Conjure Ball Lightni  Conj/Air       56%        3x3d20    1%          6
Your spell library was empty.

Dungeon Overview and Level Annotations

Branches:
Dungeon (15/15)            Temple (1/1) D:7            Lair (5/5) D:10
  Swamp (4/4) Lair:3       Spider (4/4) Lair:3        Slime (0/5) Lair:5
    Orc (2/2) D:9             Elf (0/3) Orc:2        Vaults (1/5) D:13
 Depths (0/4) D:15         Bailey (visited)

Altars:
Ashenzari
Cheibriados
Dithmenos
Elyvilon
Fedhas
Gozag
Makhleb
Nemelex Xobeh
Ru
Trog
Uskayaw
Wu Jian
Xom
Yredelemnul
Zin
The Shining One
Jiyva

Shops:
D:1 (   D:4 *   D:9 *   D:10 !   Orc:1 ?   Orc:2 =[(:*!*

Portals:
Trove: D:14 (give +2 ice dragon scales)

Annotations:
Swamp:2 Roxanne
Spider:3 exclusion: ice statue
Vaults:1 Zenata


Innate Abilities, Weirdness & Mutations

You are immune to sickness and miasma.
You are immune to poison.
Your flesh is very heat resistant. (rF++)
You are vulnerable to cold. (rC-)
You float through the air rather than walking.
You learn spells naturally, not from books.
Your magical power is your life essence.
You have superior vitality. (+4 MHP)


Message History

Casting: Searing Ray (safe; 0% risk of failure)
Confirm with . or Enter, or press ? or * to list all spells.
You feel a surge of power!
You erupt in a blast of force!
The mystic blast hits the great orb of eyes!!
The great orb of eyes is almost dead.
The great orb of eyes is knocked back by the mystic blast.
The great orb of eyes slams into the stone wall!
You kill the great orb of eyes!
Makhleb accepts your kill.
You feel better.
You hear a shout!
An ironbound thunderhulk comes into view.
It is wielding a +0 dire flail.
Press: ? - help, v - describe, . - travel
Here: Zenata, wielding a +2 triple sword of electrocution and wearing a +0 leather armour (wandering, unable to see you, hasn't noticed you)
The floor.
Unknown command.
The vault warden activates a sealing rune.
You hear a shout!
Okay, then.
Casting: Iskenderun's Mystic Blast (safe; 1% risk of failure)
Confirm with . or Enter, or press ? or * to list all spells.
You feel a surge of power!
You create some ball lightning!
The yaktaur shouts! 3 ball lightnings come into view.
A yaktaur comes into view.
Electricity crackles from the ironbound thunderhulk's apparatus.
The bolt of lightning misses you.
Your ball lightning explodes!
The blast of lightning engulfs the vault warden!!!
The vault warden is heavily wounded.
The blast of lightning engulfs your ball lightning.
Your ball lightning completely resists.
The blast of lightning engulfs your ball lightning.
Your ball lightning completely resists.
The blast of lightning engulfs you!!!
* * * LOW HITPOINT WARNING * * *
Your ball lightning explodes!
The blast of lightning engulfs your ball lightning.
Your ball lightning completely resists.
The blast of lightning engulfs you!!
You die...

#c #. #...#..
######
#..#p..#####...@#
#a#...#.a.c.*...#
#....#.....O....#
#.......##..##p##
#...#.c##..#.#
#..#....p!...+
#............+
##############


You could see Zenata (wandering, unable to see you), a vault warden, an
ironbound thunderhulk (unable to see you, ally target), 2 yaktaurs and a
friendly ball lightning.

Vanquished Creatures
  Arachne (Spider:3)
  Jorgrun (Orc:2)
  Mlioglotl (Spider:3)
  The ghost of groovy9 the Crack Shot, an adept MiHu of Hepliaklqana (Spider:4)
  Frances (D:13)
  Gastronok (Lair:2)
  Donald (Swamp:3)
  A fenstrider witch (Swamp:1)
  6 emperor scorpions
  2 vault wardens (Vaults:1)
  5 ghost moths
  An ironbound preserver (Vaults:1)
  2 broodmothers (Spider:4)
  2 ironbound thunderhulks (Vaults:1)
  5 eleionomae
  3 entropy weavers
  2 spark wasps
  2 bunyips
  Snorg (Lair:4)
  2 fire dragons
  Josephine (D:13)
  A yaktaur captain (Vaults:1)
  Harold (Lair:2)
  13 boulder beetles
  13 hydras
  A great orb of eyes (Vaults:1)
  2 ghost crabs
  A rakshasa (D:14)
  2 catoblepae
  An ogre mage (D:13)
  2 jorogumos (Spider:4)
  Erica (Lair:2)
  2 ironbound frosthearts (Vaults:1)
  2 radroaches (Spider:4)
  An anaconda (Lair:5)
  8 death yaks
  12 alligators
  10 centaur warriors
  4 tengu warriors
  7 two-headed ogres
  A deep troll shaman (Lair:5)
  Urug (Lair:2)
  A vampire mage (D:15)
  An orc high priest (Orc:1)
  8 spriggans
  A fire crab (Lair:5)
  4 pharaoh ants
  2 goliath frogs (Swamp:3)
  4 deep trolls (Vaults:1)
  A steelbarb worm (Spider:2)
  8 orb spiders
  2 skeletal warriors (D:15)
  A sun moth (Spider:3)
  A death drake (Swamp:4)
  2 spriggan druids
  5 bog bodies
  3 wizards
  An ironbound convoker (Vaults:1)
  A harpy (shapeshifter) (D:14)
  A lindwurm (Lair:5)
  7 swamp dragons
  4 orc knights
  5 deep elf pyromancers
  A necromancer (D:15)
  7 ugly things
  A fire giant zombie (D:15)
  8 deep elf zephyrmancers
  A stone giant zombie (D:15)
  7 cyclopes
  10 orc sorcerers (Orc:2)
  12 wolf spiders
  5 manticores
  A moth of wrath (Spider:4)
  3 will-o-the-wisps
  7 black mambas
  Maurice (D:10)
  A salamander (shapeshifter) (D:14)
  An eye of devastation (shapeshifter) (D:13)
  13 elephants
  17 cane toads
  3 torpor snails
  A cane toad (shapeshifter) (D:14)
  11 rime drakes
  7 yaktaurs
  A kobold demonologist (D:13)
  7 demonic crawlers
  9 komodo dragons
  A freezing wraith (D:14)
  5 trolls
  4 bloated husks
  4 polar bears
  7 meliai
  13 slime creatures
  10 hornets
  12 tyrant leeches
  24 tarantellas
  A spriggan zombie (D:15)
  9 dream sheep (Lair:5)
  10 blink frogs (Lair:5)
  Sigmund (D:2)
  17 culicivoras
  2 shadows
  2 centaur simulacra (D:14)
  6 wraiths
  15 jumping spiders
  37 yaks
  5 basilisks
  9 wyverns
  Grum (D:10)
  56 redbacks
  13 steam dragons
  18 vampire mosquitoes
  8 wargs
  14 swamp worms
  12 water moccasins
  An acid dragon (D:14)
  A human skeleton (D:15)
  21 orc warriors
  A sky beast (D:8)
  6 swamp drakes
  An ice beast (D:7)
  2 black bears
  34 wolves
  7 ogres
  13 centaurs
  3 gnoll sergeants
  4 kobold brigands
  12 bullfrogs
  3 scorpions
  2 necrophages
  12 wights
  A troll skeleton (D:11)
  5 killer bees
  5 spriggan skeletons (D:11)
  3 howler monkeys
  2 electric eels
  A crimson imp (D:7)
  2 jellies
  10 orc priests
  7 hounds
  2 gnoll boudas
  Ijyb (D:3)
  7 iguanas
  2 hell rats (Lair:5)
  39 orc wizards
  Terence (D:3)
  Robin (D:3)
  27 gnolls
  4 adders
  4 white imps
  3 ufetubi
  A worm (D:5)
  2 dart slugs
  124 orcs
  8 ball pythons
  7 endoplasms
  A giant cockroach (D:1)
  17 goblins
  8 hobgoblins
  4 jackals (D:1)
  3 quokkas
  3 bats
  3 frilled lizards
  28 kobolds
  7 rats
1108 creatures vanquished.

Vanquished Creatures (collateral kills)
  the Lernaean hydra (Swamp:4)
  A broodmother (Spider:4)
  3 entropy weavers (Spider:4)
  3 spark wasps (Spider:4)
  A shambling mangrove (Swamp:4)
  6 hydras (Swamp:4)
  A centaur warrior (Vaults:1)
  2 radroaches (Spider:4)
  2 pharaoh ants (Spider:4)
  A goliath frog (Swamp:4)
  A sun moth (Spider:4)
  5 orb spiders (Spider:4)
  3 bog bodies (Swamp:4)
  6 swamp dragons (Swamp:4)
  5 wolf spiders (Spider:4)
  4 ugly things (D:15)
  A will-o-the-wisp (Swamp:4)
  2 torpor snails
  2 demonic crawlers (Spider:4)
  A tyrant leech (Swamp:4)
  5 hornets
  3 tarantellas (Spider:4)
  3 slime creatures (Vaults:1)
  6 jumping spiders (Spider:4)
  2 culicivoras (Spider:4)
  8 redbacks (Spider:4)
  2 swamp worms (Swamp:4)
  An orc warrior (D:15)
  6 swamp drakes (Swamp:4)
  An electric eel (Spider:4)
  An orc (Orc:1)
89 creatures vanquished.

Vanquished Creatures (others)
  A polar bear (Lair:5)
  2 vampire mosquitoes (Swamp:1)
  An orc (Orc:2)
  2 ball lightnings (Vaults:1)
  16 foxfires
  5 fulminant prisms
  54 fungi
  57 plants
  11 withered plants (D:15)
149 creatures vanquished.

Grand Total: 1346 creatures vanquished

Notes
Turn   | Place    | Note
-------+----------+-------------------------------------------
     0 | D:1      | groovy9 the Djinni Conjurer began the quest for the Orb.
     0 | D:1      | groovy9 set off with the following spells memorised: Magic
                  | Dart, Searing Ray, Dazzling Flash, Fulminant Prism,
                  | Iskenderun's Mystic Blast.
     0 | D:1      | Reached XP level 1. HP: 15/15 MP: 0/0
   174 | D:1      | Reached XP level 2. HP: 18/22 MP: 0/0
   382 | D:1      | Reached skill level 1 in Fighting
   544 | D:1      | Reached XP level 3. HP: 13/27 MP: 0/0
   544 | D:1      | Learned a level 1 spell: Shock
  1116 | D:1      | Found Wenuha's Weapon Shoppe.
  1641 | D:2      | Noticed Sigmund
  1823 | D:2      | Found a faded altar of an unknown god.
  2018 | D:3      | Reached XP level 4. HP: 29/32 MP: 0/0
  2512 | D:3      | Reached skill level 2 in Fighting
  2659 | D:3      | Noticed Robin
  2659 | D:3      | Noticed Terence
  2686 | D:3      | Killed Robin
  2687 | D:3      | Reached XP level 5. HP: 26/38 MP: 0/0
  2687 | D:3      | Learned a level 2 spell: Blink
  3036 | D:3      | Noticed Ijyb
  3045 | D:3      | Killed Ijyb
  3574 | D:4      | Reached XP level 6. HP: 27/45 MP: 0/0
  3760 | D:4      | Reached skill level 3 in Fighting
  3850 | D:4      | Reached skill level 5 in Spellcasting
  3910 | D:4      | Found Omaesohe's General Store.
  4349 | D:3      | Killed Terence
  4388 | D:2      | Killed Sigmund
  4389 | D:2      | Reached XP level 7. HP: 43/51 MP: 0/0
  4389 | D:2      | Learned a level 2 spell: Ensorcelled Hibernation
  4556 | D:5      | Entered Level 5 of the Dungeon
  4574 | D:5      | Reached skill level 4 in Fighting
  4666 | D:5      | Found a bloodstained altar of Trog.
  4867 | D:5      | Reached XP level 8. HP: 50/58 MP: 0/0
  5490 | D:5      | Reached skill level 5 in Fighting
  5708 | D:6      | Identified a scroll of acquirement
  5708 | D:6      | Acquired the ring "Omafefoe" {Ice Will+++ Str-3 Int+2
                  | Dex-2}
  6219 | D:7      | Noticed a yak
  6219 | D:7      | Noticed a yak
  6219 | D:7      | Noticed a yak
  6219 | D:7      | Noticed a yak
  6219 | D:7      | Noticed a yak
  6232 | D:7      | Killed a yak
  6233 | D:7      | Reached XP level 9. HP: 25/66 MP: 0/0
  6233 | D:7      | Learned a level 4 spell: Summon Lightning Spire
  6338 | D:7      | Reached skill level 6 in Fighting
  6385 | D:7      | Found a broken altar of Ashenzari.
  6426 | D:7      | Found a staircase to the Ecumenical Temple.
  6436 | Temple   | Entered the Ecumenical Temple
  6441 | Temple   | Became a worshipper of Makhleb the Destroyer
  6660 | D:7      | Reached skill level 7 in Fighting
  6707 | D:7      | Found a shimmering altar of Xom.
  6708 | D:7      | Found a hide-covered altar of Uskayaw.
  6889 | D:7      | Found a blossoming altar of Fedhas.
  6983 | D:7      | Reached XP level 10. HP: 73/75 MP: 0/0
  7042 | D:7      | Found a sacrificial altar of Ru.
  7109 | D:7      | Reached * piety under Makhleb
  7264 | D:8      | Reached skill level 8 in Fighting
  7391 | D:8      | Noticed a two-headed ogre
  7398 | D:8      | Killed a two-headed ogre
  7399 | D:8      | Reached skill level 10 in Spellcasting
  7462 | D:8      | Found a flagged portal.
  7545 | Bailey   | Entered a bailey
  7680 | Bailey   | Reached ** piety under Makhleb
  8089 | D:8      | Reached skill level 9 in Fighting
  8089 | D:8      | Reached XP level 11. HP: 84/84 MP: 0/0
  8089 | D:8      | Learned a level 4 spell: Ice Form
  8363 | D:8      | Reached *** piety under Makhleb
  8511 | D:9      | Found a snail-covered altar of Cheibriados.
  8871 | D:9      | Found Ritudod's General Store.
  8882 | D:9      | Bought a +3 leather armour of cold resistance for 336 gold
                  | pieces
  8987 | D:9      | Reached **** piety under Makhleb
  9003 | D:9      | Reached skill level 1 in Armour
  9029 | D:9      | Found a staircase to the Orcish Mines.
  9322 | D:10     | Entered Level 10 of the Dungeon
  9370 | D:10     | Noticed Maurice
  9382 | D:10     | Killed Maurice
  9467 | D:10     | Noticed Grum
  9474 | D:10     | Killed Grum
  9653 | D:10     | Found Fokha's Distillery.
  9687 | D:10     | Bought a potion of heal wounds for 65 gold pieces
  9687 | D:10     | Bought a potion of lignification for 39 gold pieces
  9716 | D:10     | Found a staircase to the Lair.
  9862 | D:10     | Reached skill level 5 in Dodging
  9984 | D:11     | Noticed a manticore
  9993 | D:11     | Killed a manticore
  9994 | D:11     | Reached XP level 12. HP: 51/91 MP: 0/0
 10175 | D:11     | Reached skill level 5 in Armour
 10404 | D:11     | Noticed a two-headed ogre
 10413 | D:11     | Killed a two-headed ogre
 10880 | Lair:1   | Entered Level 1 of the Lair of Beasts
 10888 | Lair:1   | Reached ***** piety under Makhleb
 11302 | Lair:1   | Noticed a boulder beetle
 11326 | Lair:1   | Killed a boulder beetle
 12074 | Lair:2   | Noticed Harold
 12096 | Lair:2   | Killed Harold
 12302 | Lair:2   | Noticed a death yak
 12303 | Lair:2   | Noticed a death yak
 12307 | Lair:2   | Noticed a death yak
 12310 | Lair:2   | Noticed a death yak
 12311 | Lair:2   | Noticed Urug
 12312 | Lair:2   | Noticed a death yak
 12316 | Lair:2   | Killed a death yak
 12317 | Lair:2   | Reached XP level 13. HP: 85/95 MP: 0/0
 12317 | Lair:2   | Learned a level 5 spell: Metabolic Englaciation
 12320 | Lair:2   | Reached skill level 10 in Dodging
 12330 | Lair:2   | Killed Urug
 12394 | Lair:2   | Reached skill level 10 in Armour
 12456 | Lair:2   | Reached skill level 10 in Fighting
 12505 | Lair:2   | Noticed Gastronok
 12521 | Lair:2   | Killed Gastronok
 12768 | Lair:2   | Noticed Erica
 12779 | Lair:2   | Killed Erica
 13303 | Lair:3   | Identified the +1 robe "Xyet" {Harm}
 13322 | Lair:3   | Found a hole to the Spider Nest.
 13568 | Lair:3   | Found a staircase to the Swamp.
 13574 | Lair:3   | Reached skill level 11 in Fighting
 13745 | Lair:4   | Noticed a four-headed hydra
 13756 | Lair:4   | Killed a four-headed hydra
 13817 | Lair:4   | Reached XP level 14. HP: 69/105 MP: 0/0
 13880 | Lair:4   | Noticed Snorg
 13894 | Lair:4   | Killed Snorg
 13895 | Lair:4   | Reached skill level 5 in Stealth
 15010 | Lair:5   | Entered Level 5 of the Lair of Beasts
 15177 | Lair:5   | Reached skill level 10 in Stealth
 15342 | Lair:5   | Reached ****** piety under Makhleb
 15647 | Lair:5   | Found a viscous altar of Jiyva.
 15647 | Lair:5   | Found a staircase to the Slime Pits.
 15659 | Lair:5   | Reached XP level 15. HP: 107/111 MP: 0/0
 15659 | Lair:5   | Learned a level 6 spell: Simulacrum
 15935 | Lair:5   | Reached skill level 12 in Fighting
 16730 | Orc:1    | Entered Level 1 of the Orcish Mines
 16900 | Orc:1    | You are sucked into a shaft and drop 1 floor!
 16900 | Orc:2    | Entered Level 2 of the Orcish Mines
 16900 | Orc:2    | Found Aggouhuh's Assorted Antiques.
 16938 | Orc:2    | Found Laivem's Book Boutique.
 17017 | Orc:1    | Reached skill level 13 in Fighting
 17111 | Orc:1    | Found Nediaqoi's Magic Scroll Boutique.
 17749 | Orc:2    | Found Impunyr's Distillery.
 17763 | Orc:2    | Found Ofyehiduec's Assorted Antiques.
 18068 | Orc:2    | Found Rargheyde's Antique Weapon Boutique.
 18068 | Orc:2    | Found Yphaoraa's Antique Armour Shoppe.
 18091 | Orc:2    | Found a staircase to the Elven Halls.
 18149 | Orc:2    | Found Mealuin's Jewellery Shoppe.
 18209 | Orc:2    | Noticed Jorgrun
 18226 | Orc:2    | Reached XP level 16. HP: 75/122 MP: 0/0
 18232 | Orc:2    | Killed Jorgrun
 18791 | D:12     | Reached skill level 14 in Fighting
 19574 | D:12     | Reached skill level 5 in Evocations
 19574 | D:12     | Reached XP level 17. HP: 129/129 MP: 0/0
 19574 | D:12     | Learned a level 6 spell: Starburst
 19829 | D:13     | Found a gate to the Vaults.
 19888 | D:13     | Noticed Frances
 19905 | D:13     | Killed Frances
 20108 | D:13     | Noticed Josephine
 20120 | D:13     | Killed Josephine
 20726 | D:14     | Identified the +10 falchion "Saujudghees" {holy, rC+ Str+2}
 20753 | D:14     | Acquired 993 gold pieces
 20811 | D:14     | Reached skill level 15 in Fighting
 21009 | D:14     | Found a portal to a secret trove of treasure.
 21475 | D:15     | Entered Level 15 of the Dungeon
 22070 | D:15     | Reached XP level 18. HP: 139/139 MP: 0/0
 22504 | D:15     | Reached skill level 16 in Fighting
 22510 | D:15     | Found a staircase to the Depths.
 22938 | Orc:2    | Bought a ring of resist corrosion for 260 gold pieces
 23108 | Swamp:1  | Entered Level 1 of the Swamp
 23235 | Swamp:1  | Reached skill level 15 in Spellcasting
 23372 | Swamp:1  | Identified the +1 robe "Zigg" {Rampage Dex+7}
 24142 | Swamp:2  | Identified Roxanne's Treatise on Forms
 24142 | Swamp:2  | Noticed Roxanne
 24421 | Swamp:3  | Noticed Donald
 24431 | Swamp:3  | Killed Donald
 24574 | Swamp:3  | Reached skill level 1 in Shields
 25224 | Swamp:4  | Entered Level 4 of the Swamp
 25351 | Swamp:4  | Reached skill level 5 in Shields
 25519 | Swamp:4  | Reached XP level 19. HP: 146/147 MP: 0/0
 25519 | Swamp:4  | Learned a level 6 spell: Conjure Ball Lightning
 25559 | Swamp:4  | Noticed the 27-headed Lernaean hydra
 25565 | Swamp:4  | Killed the 27-headed Lernaean hydra
 25605 | Swamp:4  | Got a decaying rune of Zot
 26337 | Orc:2    | Bought the +5 robe of Night {Dark Will+ SInv} for 1200 gold
                  | pieces
 26337 | Orc:2    | Found the +5 robe of Night {Dark Will+ SInv}
 26508 | Spider:1 | Entered Level 1 of the Spider Nest
 26745 | Spider:1 | Reached skill level 10 in Shields
 27059 | Spider:1 | Reached skill level 17 in Fighting
 28671 | Spider:3 | Noticed Arachne
 28702 | Spider:3 | Killed Arachne
 29249 | Spider:3 | Noticed Mlioglotl
 29261 | Spider:3 | Killed Mlioglotl
 29603 | Spider:4 | Entered Level 4 of the Spider Nest
 29619 | Spider:4 | Reached skill level 18 in Fighting
 29817 | Spider:4 | Reached XP level 20. HP: 133/156 MP: 0/0
 30349 | Spider:4 | Got a gossamer rune of Zot
 30730 | Spider:4 | Found a transporter.
 30734 | Spider:4 | Found a transporter.
 30735 | Spider:4 | Noticed groovy9's ghost (adept MiHu)
 30924 | Spider:4 | Reached skill level 19 in Fighting
 30931 | Spider:4 | Killed groovy9's ghost
 31257 | Vaults:1 | Entered Level 1 of the Vaults
 31625 | Vaults:1 | Noticed Zenata
 31641 | Vaults:1 | Killed by an exploding ball lightning

Illustrated notes

Levels and vault maps discovered:
D:1:      minmay_arrival_open_corners, layout_loops_cross, serial_shops, shop,
          minmay_misc_feat_plants, minmay_statues_item
D:2:      layout_loops_ring, ebering_ecumenical_altar_hall, minmay_tetromino_l4,
          uniq_sigmund
D:3:      layout_basic, uniq_robin, uniq_terence, uniq_ijyb
D:4:      layout_basic, serial_shops, nicolae_shop_waterfront,
          minmay_misc_feat_more_columns
D:5:      layout_loops_ring, grunt_temple_overflow_open
D:6:      layout_loops_ring
D:7:      layout_basic, mainiacjoe_overflow_big_doors, fedhas_altar_2,
          nicolae_overflow_hidden_temple, minmay_temple_entry_water_ring,
          minmay_fire_ice_demons
D:8:      layout_rooms, special_room [special_room_orc], enter_bailey_5,
          minmay_fractal_squares_diagonal_5
D:9:      layout_basic, amcnicky_altar_gilded, david_orc_2, serial_shops,
          nicolae_shop_window_shopping
D:10:     layout_roguey, lair_entry_dummy, serial_shops, nicolae_diamond_shop,
          uniq_grum, uniq_maurice
D:11:     layout_irregular_city, hangedman_abyss_or_decor_stagger,
          minmay_misc_feat_square, hangedman_tell_no_tales
D:12:     layout_stronghold, chequers_serial_rivers_micro_b
D:13:     layout_rooms, david_vaults_2, uniq_josephine, uniq_frances
D:14:     minmay_the_grid_square_5x5_3x3
          [minmay_the_grid_square_5x5_three_walls, minmay_the_grid_square_5x5_n,
          minmay_the_grid_square_5x5_comb, minmay_the_grid_square_5x5_two,
          minmay_the_grid_square_5x5_megaprize_crossed,
          minmay_the_grid_square_5x5_three,
          minmay_the_grid_square_5x5_spiral_small,
          minmay_the_grid_square_5x5_tie, minmay_the_grid_square_5x5_trominoes],
          layout_rooms, nicolae_vehumet_altar_sigil, enter_trove_3,
          kennysheep_kite_vault
D:15:     gammafunk_depths_entry_grave, layout_loops_ring,
          minmay_misc_feat_tower
Temple:   nicolae_temple_ecumenical_triangle
Lair:1:   layout_layer_cave, grunt_megastairs_4
Lair:2:   layout_roguey, minivault_24, grunt_megastairs_1, lemuel_fruit_fields,
          serial_bayou_shore_b, uniq_urug, uniq_gastronok, uniq_harold,
          uniq_erica
Lair:3:   layout_misc_corridors, nicolae_swamp_entry_splash_gauntlet,
          spider_nest_entry_webs
Lair:4:   cheibrodos_lair_river_kwai, layout_hall_layers,
          bobbens_dragon_lair_wall, infiniplex_staircase_pool_2, uniq_snorg
Lair:5:   grunt_lair_end_beastmaster, layout_misc_corridors,
          nicolae_slime_entry_slimehenge, nicolae_lair_lakeside_cave
Swamp:1:  layout_falls_marsh, evilmike_swamp_ruin_house_3
Swamp:2:  layout_basic_swamp, nicolae_swamp_some_circles,
          infiniplex_staircase_pool, uniq_roxanne
Swamp:3:  layout_basic_swamp, evilmike_swamp_ruin_house_5, uniq_donald
Swamp:4:  swamp_basic_johnstein, layout_basic_swamp
Spider:1: layout_spider_delve
Spider:2: layout_spider_delve
Spider:3: layout_chambers, portal_ice_cave_entry_ice_statue_one,
          hangedman_stitches_earthworm, uniq_mlioglotl, uniq_arachne
Spider:4: spider_rune_water, gammafunk_ghost_arena
Orc:1:    layout_caves, serial_shops, shop, elves_outpost_lemuel
Orc:2:    st_orc_town, layout_caves, serial_shops, shop,
          nicolae_shop_overgrown_old_shop, nicolae_shop_hallway_stairs,
          statue_in_the_mist_lemuel, hellmonk_guarded_unrand_dark_maul,
          uniq_jorgrun
Vaults:1: v_pattern_4, nicolae_vaults_little_squares_2, v_misc_14,
          hangedman_vaults_stream, vaults_mumra_hex,
          nicolae_vaults_border_crossing, grunt_vaults_swirl, v_misc_19,
          ontoclasm_vaults_chip, nicolae_vaults_know_your_exits,
          layout_vaults_ring, serial_shops, nicolae_shop_waterfront, uniq_zenata

Skill      XL: |  1  2  3  4  5  6  7  8  9 10 11 12 13 14 15 16 17 18 19 20 |
---------------+-------------------------------------------------------------+-----
Fighting       | 1 2 3 4 5 7 9 11 13 14 15 16 18 19 | 19.5
Spellcasting   | 4 5 6 7 8 10 11 12 13 14 15 16 17 | 17.2
Armour         | 4 8 10 | 10.0
Dodging        | 5 9 10 | 10.0
Stealth        | 4 10 | 10.0
Evocations     | 5 |  5.7
Shields        | 7 10 | 10.0

Action                   |  1- 3 |  4- 6 |  7- 9 | 10-12 | 13-15 | 16-18 | 19-21 || total
-------------------------+-------+-------+-------+-------+-------+-------+-------++-------
Melee: Staff             |       |       |       |       |     3 |       |       ||     3
 Cast: Magic Dart        |    26 |       |       |       |       |       |     1 ||    27
       Searing Ray       |     6 |     9 |    38 |   148 |   237 |   162 |   151 ||   751
       Shock             |    30 |    80 |    88 |   191 |   229 |   156 |    58 ||   832
       Dazzling Flash    |       |     1 |       |     1 |       |       |       ||     2
       Iskenderun's Myst |       |     1 |    10 |    77 |   281 |   344 |   433 ||  1146
       Fulminant Prism   |       |       |       |     1 |     2 |     2 |       ||     5
       Summon Lightning  |       |       |       |     2 |       |       |       ||     2
       Metabolic Englaci |       |       |       |       |    12 |    11 |    11 ||    34
       Simulacrum        |       |       |       |       |     2 |     7 |    19 ||    28
       Starburst         |       |       |       |       |       |     3 |     3 ||     6
       Conjure Ball Ligh |       |       |       |       |       |       |     1 ||     1
  Use: Scroll            |     4 |     9 |     4 |     8 |     4 |     4 |     1 ||    34
       Potion            |       |       |     4 |     2 |     2 |     5 |     6 ||    19
Armor: Robe              |     1 |     2 |    10 |     5 |       |       |    48 ||    66
       Leather armour    |       |       |       |    25 |    78 |    37 |     8 ||   148
       Ring mail         |       |       |       |     2 |       |       |       ||     2
       Skin              |       |       |       |    18 |       |       |     2 ||    20
Dodge: Dodged            |     3 |     5 |    17 |    96 |   116 |    85 |    91 ||   413
Block: Buckler           |       |       |       |    11 |    12 |    16 |       ||    39
       Kite shield       |       |       |       |       |       |     6 |    83 ||    89
       Reflection        |       |       |       |       |       |     2 |     4 ||     6
